 Dungeon Sprint DCSS version 0.18.1-5-g4a78601 (webtiles) character file.

278 pipel the Jinx (level 9, -6/48 HPs)
             Began as a Deep Elf Enchanter on May 9, 2016.
             Was the Champion of Sif Muna.
             Mangled by the 27-headed Lernaean hydra (13 damage)
             ... in the Dungeon (Sprint VI: "Thunderdome").
             The game lasted 00:12:05 (714 turns).

pipel the Jinx (Deep Elf Enchanter)                  Turns: 714, Time: 00:12:06

Health: -6/48      AC:  4    Str:  9    XL:     9   Next: 3%
Magic:  5/27       EV: 14    Int: 22    God:    Sif Muna [******]
Gold:   240        SH:  0    Dex: 15    Spells: 6 memorised, 15 levels left

rFire  . . .     SeeInvis .     b - +1 dagger
rCold  x . .     Gourm    .     v - +0 troll leather armour
rNeg   + + .     Faith    .     (no shield)
rPois  +         Spirit   .     (no helmet)
rElec  .         Dismiss  .     (no cloak)
rCorr  .         Reflect  .     (no gloves)
SustAt +         Harm     .     (no boots)
MR     +....     NoTele   +     o - amulet "Boet" {RegenMP Fragile rN++}
Stlth  ++++......               q - ring "Okaqi" {SustAt rPois MR+ Stlth+}
                                r - ring "Passy" {rC- Str+4 Int-2} (curse)

@: very slightly contaminated, somewhat resistant to hostile enchantments,
stealthy
A: no striking features
a: Channel Energy, Forget Spell, Renounce Religion


You were in the Dungeon.
You worshipped Sif Muna.
Sif Muna was exalted by your worship.
You were very hungry.

You visited 1 branch You collected 600 gold pieces.
You spent 360 gold pieces at shops.

Inventory:

Hand Weapons
 a - a +2 quarterstaff of chaos
 b - a +1 dagger (weapon)
Armour
 t - a +1 robe
 u - a +0 cloak
 v - a +0 troll leather armour (worn)
Jewellery
 o - the amulet "Boet" (around neck) {RegenMP Fragile rN++}
   (You bought it in a shop in the Dungeon)

   [amulet of magic regeneration]

   It increases your magic regeneration.
   It greatly protects you from negative energy.
   It will be destroyed if unequipped.
 p - the ring of the Twelve Ships {rCorr rF+}
   (You bought it in a shop in the Dungeon)

   [ring of resist corrosion]

   It protects you from fire.
 q - the ring "Okaqi" (right hand) {SustAt rPois MR+ Stlth+}
   (You bought it in a shop in the Dungeon)

   [ring of sustain attributes]

   It sustains your strength, intelligence and dexterity.
   It protects you from poison.
   It affects your resistance to hostile enchantments.
   It makes you more stealthy.
 r - the cursed ring "Passy" (left hand) {rC- Str+4 Int-2}
   (You bought it in a shop in the Dungeon)

   [ring of intelligence]

   It affects your strength (+4).
   It affects your intelligence (-2).
   It makes you vulnerable to cold.
   It has a curse placed upon it.
Wands
 l - a wand of acid (0/15)
 m - a wand of iceblast (0/15)
Scrolls
 j - 3 scrolls of blinking
 n - 3 scrolls of fog
Potions
 e - a potion of curing
 f - 3 potions of heal wounds
 g - 4 potions of haste
 h - 2 potions of magic
 i - a potion of berserk rage
 k - a potion of resistance
Books
 c - a book of Maledictions

   Spells                             Type                      Level
   a - Corona                         Hexes                        1
   b - Ensorcelled Hibernation        Hexes/Ice                    2
   c - Confuse                        Hexes                        3
   d - Tukima's Dance                 Hexes                        3
   e - Dazzling Spray                 Conjuration/Hexes            3
 s - Cojo Igi's Almanac of Ashen Beguiling
   (Sif Muna gifted it to you in the Dungeon)

   Spells                             Type                      Level
   a - Passwall                       Transmutation/Earth          2
   b - Gell's Gravitas                Hexes/Translocation          3
   c - Cause Fear                     Hexes                        4
   d - Darkness                       Hexes                        6
   e - Invisibility                   Hexes                        6
Comestibles
 d - a bread ration


   Skills:
 + Level 1.7 Fighting
 + Level 2.6 Short Blades
 + Level 1.3 Staves
 + Level 5.3 Dodging
 - Level 7.3 Stealth
 + Level 12.5 Spellcasting
 + Level 5.0 Conjurations
 + Level 14.2 Hexes
 + Level 4.6 Ice Magic
 - Level 11.0 Invocations
 - Level 1.2 Evocations


You had 15 spell levels left.
You knew the following spells:

 Your Spells              Type           Power        Failure   Level  Hunger
a - Corona                Hex            ######.      1%          1    None
b - Invisibility          Hex            ######..     3%          6    #####..
c - Confuse               Hex            ######..     1%          3    None
d - Tukima's Dance        Hex            ######..     1%          3    None
h - Ensorcelled Hibernat  Hex/Ice        ######       1%          2    None
s - Dazzling Spray        Conj/Hex       ######..     1%          3    None


Dungeon Overview and Level Annotations

Branches:
Dungeon (1/1)

Altars:
Cheibriados
Dithmenos
Fedhas
Gozag
Kikubaaqudgha
Makhleb
Okawaru
Pakellas
Qazlal
Ru
Sif Muna
Trog
Vehumet
Xom
Yredelemnul
Zin
The Shining One
Jiyva
Lugonu

Shops:
D *[%??*?*:[((!!!!

Annotations:
D Lernaean hydra


Message History

Press: ? - help, Shift-Dir - straight line, f/p - 27-headed Lernaean hydra
Aim: the 27-headed Lernaean hydra (almost dead)
The spray of energy hits the 27-headed Lernaean hydra.
The 27-headed Lernaean hydra is almost dead.
You now have 8/27 mp.
Casting: Dazzling Spray
Confirm with . or Enter, or press ? or * to list all spells.
Aiming: Dazzling Spray
Press: ? - help, Shift-Dir - straight line, f/p - 27-headed Lernaean hydra
Aim: the 27-headed Lernaean hydra (almost dead)
The spray of energy hits the 27-headed Lernaean hydra.
The 27-headed Lernaean hydra is almost dead.
The 27-headed Lernaean hydra closely misses you.
The 27-headed Lernaean hydra bites you! The 27-headed Lernaean hydra bites you.
The 27-headed Lernaean hydra bites you! x2
* * * LOW HITPOINT WARNING * * *
The 27-headed Lernaean hydra misses you.
The 27-headed Lernaean hydra barely misses you.
The 27-headed Lernaean hydra bites you!
You die...

#_......._#
###.........###
#⌠....)......§#
######.8.........8.###
##∩___..[...###......__
###∩........8.# #.8....w.
##........)....###........
#⌠........D.###...###.....
#⌠.......@..# #.<.# #.....
#⌠......[...###...###.....
##.............###........
###∩........8.# #.8......
##∩_._......###........
######.8.........8.###
#⌠...........⌠#
###.........###
#_......._#


You could see the 27-headed Lernaean hydra.

Vanquished Creatures
  A naga mage (D)
  A black mamba (D)
  Sigmund (D)
  5 fire bats (D)
  A fire elemental (D)
  3 water moccasins (D)
  A hound (D)
  Crazy Yiuf (D)
  A gnoll shaman (D)
  A worker ant (D)
  2 gnolls (D)
  A giant gecko (D)
  An orc (D)
  A ball python (D)
  A giant gecko skeleton (D)
  A rat (D)
23 creatures vanquished.

Notes
Turn   | Place    | Note
--------------------------------------------------------------
     0 | D        | pipel the Deep Elf Enchanter began the quest for the Orb.
     0 | D        | Reached XP level 1. HP: 10/10 MP: 6/6
     1 | D        | Found a shimmering altar of Xom.
     1 | D        | Found a bloodstained altar of Trog.
     2 | D        | Found a basalt altar of Yredelemnul.
     3 | D        | Found a shadowy altar of Dithmenos.
     3 | D        | Found an iron altar of Okawaru.
     4 | D        | Found Sitoutta's Identification Station.
     4 | D        | Found a sacrificial altar of Ru.
     4 | D        | Found a glowing silver altar of Zin.
     4 | D        | Found Yfac's Bee Food.
     5 | D        | Found Itakye's Advanced Armour.
     5 | D        | Found Idwori Pown's Jewellery.
     5 | D        | Round 1.
     9 | D        | Found a viscous altar of Jiyva.
    13 | D        | Bought a bound jade amulet for 45 gold pieces
    13 | D        | Bought a vibrating brass ring for 45 gold pieces
    13 | D        | Bought a sparkling golden ring for 45 gold pieces
    13 | D        | Identified the amulet "Boet" {RegenMP Fragile rN++} (You bought it in a shop in the Dungeon)
    14 | D        | Identified the ring of the Twelve Ships {rCorr rF+} (You bought it in a shop in the Dungeon)
    15 | D        | Identified the ring "Okaqi" {SustAt rPois MR+ Stlth+} (You bought it in a shop in the Dungeon)
    16 | D        | Bought a sparkling glass ring for 45 gold pieces
    17 | D        | Identified the cursed ring "Passy" {rC- Str+4 Int-2} (You bought it in a shop in the Dungeon)
    23 | D        | Found a corrupted altar of Lugonu.
    24 | D        | Noticed a gnoll shaman
    24 | D        | Found Ypsag's Magic Scroll Shop.
    30 | D        | Killed a gnoll shaman
    30 | D        | Reached skill level 5 in Stealth
    30 | D        | Reached skill level 6 in Hexes
    30 | D        | Reached XP level 2. HP: 15/15 MP: 7/9
    40 | D        | Reached XP level 3. HP: 5/19 MP: 11/11
    46 | D        | Found an ancient bone altar of Kikubaaqudgha.
    46 | D        | Found a radiant altar of Vehumet.
    46 | D        | Found Ciuqex's Staff Store.
    46 | D        | Found Wiagg's Magic Scroll Shop.
    46 | D        | Found Ofiokhlo's Must-Have Magic.
    50 | D        | Found an oddly glowing altar of Pakellas.
    51 | D        | Found a snail-covered altar of Cheibriados.
    52 | D        | Found a blossoming altar of Fedhas.
    53 | D        | Found Ireur's Distillery.
    53 | D        | Found a deep blue altar of Sif Muna.
    53 | D        | Found Lisattuu's Do-It-Yourself Clinic.
    54 | D        | Found Ihirut's Distillery.
    54 | D        | Found Exoeruc's Bottled Wisdom.
    57 | D        | Found a glowing golden altar of the Shining One.
    61 | D        | Became a worshipper of Sif Muna the Loreminder
    65 | D        | Found a burning altar of Makhleb.
    66 | D        | Found a stormy altar of Qazlal.
    66 | D        | Found Rucheif's Weapon Rack.
    68 | D        | Found an opulent altar of Gozag.
    68 | D        | Found Wamn's Premium Goods.
    68 | D        | Found Bannudi's Basic Armour.
    68 | D        | Found Zipuset's Miscellaneous Merchandise.
    83 | D        | Noticed Crazy Yiuf
    90 | D        | Killed Crazy Yiuf
    90 | D        | Reached skill level 5 in Spellcasting
    90 | D        | Reached skill level 7 in Hexes
    90 | D        | Reached XP level 4. HP: 11/24 MP: 11/13
   112 | D        | Learned a level 3 spell: Dazzling Spray
   156 | D        | Arena points: 12 (+12) [x2]
   156 | D        | Reached * piety under Sif Muna
   156 | D        | Reached skill level 8 in Hexes
   156 | D        | Reached skill level 1 in Evocations
   162 | D        | Learned a level 3 spell: Confuse
   166 | D        | Learned a level 3 spell: Tukima's Dance
   169 | D        | Learned a level 2 spell: Ensorcelled Hibernation
   205 | D        | Round 2.
   230 | D        | Noticed Sigmund
   233 | D        | Reached skill level 1 in Conjurations
   233 | D        | Reached skill level 1 in Invocations
   237 | D        | Killed Sigmund
   237 | D        | Reached ** piety under Sif Muna
   237 | D        | Reached skill level 1 in Staves
   237 | D        | Reached skill level 10 in Hexes
   237 | D        | Reached XP level 5. HP: 28/28 MP: 1/17
   237 | D        | Reached XP level 6. HP: 33/33 MP: 1/19
   255 | D        | Arena points: 54 (+42) [x3]
   286 | D        | Round 3.
   288 | D        | Noticed a fire bat
   296 | D        | Killed a fire bat
   296 | D        | Reached *** piety under Sif Muna
   296 | D        | Reached skill level 5 in Dodging
   296 | D        | Reached skill level 11 in Hexes
   311 | D        | Noticed a fire elemental
   321 | D        | Killed a fire elemental
   321 | D        | Reached skill level 12 in Hexes
   321 | D        | Reached XP level 7. HP: 11/37 MP: 4/21
   349 | D        | Noticed a fire bat
   356 | D        | Killed a fire bat
   356 | D        | Reached **** piety under Sif Muna
   385 | D        | Noticed a fire bat
   392 | D        | Killed a fire bat
   392 | D        | Reached skill level 1 in Fighting
   392 | D        | Reached skill level 10 in Spellcasting
   409 | D        | Noticed a fire bat
   413 | D        | Killed a fire bat
   413 | D        | Reached skill level 1 in Ice Magic
   413 | D        | Reached skill level 10 in Invocations
   422 | D        | Noticed a fire bat
   427 | D        | Killed a fire bat
   427 | D        | Arena points: 138 (+84) [x4]
   427 | D        | Reached XP level 8. HP: 16/43 MP: 15/24
   485 | D        | Round 4.
   490 | D        | Reached ***** piety under Sif Muna
   537 | D        | Noticed a black mamba
   542 | D        | Killed a black mamba
   542 | D        | Reached skill level 13 in Hexes
   554 | D        | Noticed a naga mage
   571 | D        | Killed a naga mage
   571 | D        | Reached ****** piety under Sif Muna
   571 | D        | Received a gift from Sif Muna
   572 | D        | Identified Cojo Igi's Almanac of Ashen Beguiling (Sif Muna gifted it to you in the Dungeon)
   584 | D        | Learned a level 6 spell: Invisibility
   607 | D        | Reached skill level 14 in Hexes
   612 | D        | Arena points: 278 (+140) [x5]
   612 | D        | Reached skill level 5 in Conjurations
   612 | D        | Reached XP level 9. HP: 29/48 MP: 21/27
   628 | D        | Bought a +0 troll leather armour for 180 gold pieces
   683 | D        | Round 5.
   684 | D        | Noticed the 27-headed Lernaean hydra
   699 | D        | Noticed a giant leech
   714 | D        | Mangled by the 27-headed Lernaean hydra

Skill      XL: |  1  2  3  4  5  6  7  8 |
---------------+-------------------------+-----
Dodging        | 3 4 5 |  5.3
Stealth        | 5 6 7 |  7.3
Spellcasting   | 4 5 8 9 10 12 | 12.5
Hexes          | 6 7 10 12 14 | 14.2
Evocations     | 1 |  1.2
Conjurations   | 2 3 4 5 |  5.0
Invocations    | 4 7 10 11 | 11.0
Staves         | 1 |  1.3
Fighting       | 1 |  1.7
Ice Magic      | 1 4 |  4.6
Short Blades   | 2 |  2.6

Action                   |  1- 3 |  4- 6 |  7- 9 || total
-------------------------+-------+-------+-------++-------
Melee: Dagger            |     9 |       |    17 ||    26
       Quarterstaff      |       |     3 |       ||     3
 Cast: Corona            |     1 |       |       ||     1
       Dazzling Spray    |       |    21 |    18 ||    39
       Ensorcelled Hiber |       |     1 |    13 ||    14
       Confuse           |       |     1 |     2 ||     3
       Invisibility      |       |       |     1 ||     1
Invok: Channel Energy    |       |    13 |    14 ||    27
Evoke: Wand              |     4 |     4 |     2 ||    10
  Use: Potion            |       |     1 |       ||     1
       Scroll            |       |       |     1 ||     1
 Stab: Distracted        |       |     1 |       ||     1
       Sleeping          |       |       |     9 ||     9
       Confused          |       |       |     1 ||     1
  Eat: Chunk             |       |       |     3 ||     3
Armor: Robe              |       |       |     2 ||     2
Dodge: Dodged            |     4 |     2 |    12 ||    18
